 Dungeon Crawl Stone Soup version 0.28-a0-429-g1448048969 (webtiles) character file.

Game seed: 10253749248608178635

14879 porpoise the Thaumaturge (level 11, -2/64 HPs)
             Began as a Deep Elf Conjurer on Sept 11, 2021.
             Was a Priest of Vehumet.
             Slain by a white ugly thing (22 damage)
             ... on level 11 of the Dungeon.
             The game lasted 01:10:12 (17218 turns).

porpoise the Thaumaturge (Deep Elf Conjurer)       Turns: 17218, Time: 01:10:13

Health: -2/64      AC: 10    Str:  4    XL:     11   Next: 94%
Magic:  18/28      EV: 15    Int: 27    God:    Vehumet [***...]
Gold:   586        SH:  5    Dex: 13    Spells: 8/32 levels left

rFire   . . .      SeeInvis .   b - +1 hunting sling (flame)
rCold   . . .      Faith    .   U - +0 buckler
rNeg    + . .      Spirit   .   K - +0 steam dragon scales
rPois   +          Reflect  .   k - +1 helmet
rElec   .          Harm     .   f - +0 cloak
rCorr   .          Rampage  .   O - +0 pair of gloves
Will    +....                   N - +0 pair of boots
Stlth   +++.......              D - amulet of magic regeneration
HPRegen 0.20/turn               n - ring of poison resistance
MPRegen 0.46/turn               t - ring of positive energy

@: no status effects
A: no striking features
a: Renounce Religion


You were on level 11 of the Dungeon.
You worshipped Vehumet.
Vehumet was most pleased with you.
You visited 3 branches of the dungeon, and saw 13 of its levels.

You collected 586 gold pieces.

Inventory:

Hand Weapons
 a - a +1 whip of electrocution
 b - a +1 hunting sling of flaming (weapon)
Missiles
 c - 84 sling bullets (quivered ammo)
 e - 59 stones
 P - 2 curare-tipped darts
Armour
 f - a +0 cloak (worn)
 k - a +1 helmet (worn)
 K - +0 steam dragon scales (worn)
 N - a +0 pair of boots (worn)
 O - a +0 pair of gloves (worn)
 U - a +0 buckler (worn)
Magical Staves
 w - a staff of fire
Jewellery
 n - a ring of poison resistance (left hand)
 t - a ring of positive energy (right hand)
 D - an amulet of magic regeneration (around neck)
Wands
 y - a wand of charming (9)
 z - a wand of iceblast (9)
 E - a wand of flame (26)
 G - a wand of acid (2)
 Q - a wand of paralysis (2)
Scrolls
 g - 2 scrolls of teleportation
Potions
 d - a potion of lignification
 i - 3 potions of ambrosia
 m - 4 potions of cancellation
 r - 7 potions of curing
 s - 2 potions of flight
 v - a potion of resistance
 B - a potion of brilliance
 H - a potion of heal wounds
 I - 2 potions of might
 J - 2 potions of haste
 M - a potion of invisibility {unknown}
 X - 2 potions of magic


   Skills:
 + Level 5.9 Fighting
 - Level 7.0 Dodging
 - Level 7.0 Stealth
 - Level 4.0 Shields
 + Level 11.3 Spellcasting
 - Level 7.1 Conjurations
 - Level 9.0 Hexes
 - Level 7.0 Translocations
 - Level 7.0 Fire Magic
 - Level 5.0 Evocations


You had 8 spell levels left.
You knew the following spells:

 Your Spells              Type           Power      Damage    Failure   Level
a - Magic Dart            Conj           100%       1d8       1%          1
b - Searing Ray           Conj           100%       2d8       1%          2
c - Fulminant Prism       Conj/Hex       28%        3d14      1%          4
d - Iskenderun's Mystic   Conj/Tloc      52%        2d11      1%          4
g - Passage of Golubria   Tloc           N/A        N/A       1%          4
k - Blink                 Tloc           N/A        N/A       1%          2
t - Confusing Touch       Hex            59%        N/A       1%          3
w - Flame Wave            Conj/Fire      52%        3d10      1%          4

Your spell library contained the following spells:

 Spells                   Type           Power      Damage    Failure   Level
 Mephitic Cloud           Conj/Pois/Air  28%        N/A       1%          3
 Scorch                   Fire           100%       2d10      1%          2
 Slow                     Hex            59%        N/A       1%          2
 Dazzling Flash           Conj/Hex       100%       N/A       1%          3
 Gell's Gravitas          Tloc           26%        N/A       1%          3
 Lesser Beckoning         Tloc           52%        N/A       1%          3
 Portal Projectile        Hex/Tloc       100%       N/A       1%          3
 Tukima's Dance           Hex            59%        N/A       1%          3
 Yara's Violent Unravell  Hex/Tmut       19%        3d9       4%          5
 Manifold Assault         Tloc           52%        N/A       6%          5
 Vampiric Draining        Necr           7%         2d7       11%         3
 Dispersal                Tloc           26%        N/A       32%         6
 Summon Cactus Giant      Summ           7%         N/A       99%         6
 Storm Form               Tmut/Air       7%         N/A       100%        7


Dungeon Overview and Level Annotations

Branches:
Dungeon (11/15)            Temple (1/1) D:6            Lair (1/6) D:9
    Orc (0/2) D:11

Altars:
Ashenzari
Cheibriados
Fedhas
Hepliaklqana
Makhleb
Nemelex Xobeh
Qazlal
Ru
Sif Muna
Trog
Uskayaw
Vehumet
Wu Jian
Xom
Yredelemnul
Zin
The Shining One
Beogh


Message History

You conjure a prism of explosive energy!
A fulminant prism comes into view.
Casting: Fulminant Prism (safe; 1% risk of failure)
Confirm with . or Enter, or press ? or * to list all spells.
Aiming: Searing Ray (safe; 1% risk of failure)
Press: ? - help, Shift-Dir - straight line, f - white ugly thing
Aim: a white ugly thing (83% to hit)
The searing ray hits the white ugly thing.
The white ugly thing is lightly wounded. (Press . to maintain the ray.)
Your fulminant prism crackles loudly.
The searing ray hits the white ugly thing!
The white ugly thing is lightly wounded.
Your fulminant prism explodes!
The blast of energy engulfs the white ugly thing!!
The white ugly thing is heavily wounded.
The searing ray misses the white ugly thing.
The searing ray hits the white ugly thing.
The white ugly thing is severely wounded.
You finish channelling your searing ray.
You block the white ugly thing's attack.
You block the white ugly thing's attack.
Unknown command.
Casting: Searing Ray (safe; 1% risk of failure)
Confirm with . or Enter, or press ? or * to list all spells.
Aiming: Searing Ray (safe; 1% risk of failure)
Press: ? - help, Shift-Dir - straight line, f/p - white ugly thing
Aim: a white ugly thing (severely wounded, 83% to hit)
The searing ray hits the white ugly thing!
The white ugly thing is severely wounded. (Press . to maintain the ray.)
The white ugly thing tail-slaps you. The white ugly thing freezes you!!
The searing ray hits the white ugly thing.
The white ugly thing is almost dead.
The white ugly thing barely misses you.
The searing ray hits the white ugly thing.
The white ugly thing is almost dead.
An orc comes into view. It is wielding a +0 mace.
The white ugly thing tail-slaps you! The white ugly thing freezes you!!
You die...

#...# +...#............#
#...# #...#..........
#...# #...##+##......
....# #.... ....... ....#
#(.######.....>. ....#
#.o#............
....######..')...........
#...........##...........
#..........[# #u@........
#..........##.'#.........
#.........##.. ##........
+........##.. ##.........
#..^....##.. #..........
#......##.. +#)........
......## . #.........
..<..## #......### ######
##+####......#


You could see a white ugly thing and an orc.

Vanquished Creatures
  A hydra (D:11)
  3 two-headed ogres
  Pikel (D:5)
  A black mamba (Lair:1)
  A kobold demonologist (D:9)
  3 komodo dragons
  A troll (D:9)
  A hornet (D:9)
  Sigmund (D:2)
  A wyvern (D:9)
  18 yaks
  Menkaure (D:5)
  A basilisk (D:9)
  2 steam dragons
  3 vampire mosquitoes (D:10)
  6 water moccasins
  5 orc warriors
  5 sky beasts
  A hornet zombie (D:4)
  An ice beast (D:5)
  A necrophage (D:4)
  6 black bears
  5 centaurs
  4 wolves (Lair:1)
  A phantom (D:4)
  3 lemures (D:5)
  3 kobold brigands
  5 bullfrogs
  2 scorpions
  8 wights
  4 killer bees (D:9)
  3 howler monkeys
  3 centaur zombies
  4 hounds
  2 gnoll shamans
  A jelly (D:7)
  A centaur skeleton (D:5)
  7 orc priests
  A bullfrog skeleton (D:5)
  Ijyb (D:4)
  7 orc wizards
  Robin (D:2)
  10 gnolls
  11 adders
  2 shadow imps (D:4)
  A white imp (D:5)
  An adder skeleton (D:4)
  2 worms
  A dart slug (D:2)
  33 orcs
  5 bats
  5 endoplasms
  2 giant cockroaches
  10 goblins
  14 hobgoblins
  7 jackals
  27 kobolds
  6 quokkas
  8 ball pythons
  4 frilled lizards
  A quokka skeleton (D:4)
  6 rats
286 creatures vanquished.

Vanquished Creatures (others)
  Psyche (D:8)
  31 fulminant prisms
  15 plants (D:9)
47 creatures vanquished.

Grand Total: 333 creatures vanquished

Notes
Turn   | Place    | Note
-------+----------+-------------------------------------------
     0 | D:1      | porpoise the Deep Elf Conjurer began the quest for the Orb.
     0 | D:1      | Reached XP level 1. HP: 10/10 MP: 6/6
   201 | D:1      | Reached XP level 2. HP: 15/15 MP: 1/8
   206 | D:1      | Learned a level 2 spell: Searing Ray
   874 | D:1      | Reached skill level 4 in Spellcasting
  1152 | D:2      | Reached skill level 5 in Conjurations
  1152 | D:2      | Reached XP level 3. HP: 19/19 MP: 6/10
  1603 | D:2      | Noticed Robin
  1610 | D:2      | Killed Robin
  1875 | D:2      | Reached XP level 4. HP: 24/24 MP: 10/12
  1895 | D:2      | Learned a level 4 spell: Fulminant Prism
  1900 | D:2      | Learned a level 4 spell: Iskenderun's Mystic Blast
  2114 | D:2      | Noticed Sigmund
  2120 | D:2      | Killed Sigmund
  2121 | D:2      | Reached skill level 5 in Spellcasting
  2121 | D:2      | Reached XP level 5. HP: 28/28 MP: 7/14
  2650 | D:3      | Reached skill level 1 in Hexes
  2744 | D:3      | Reached skill level 1 in Translocations
  2744 | D:3      | Reached XP level 6. HP: 32/32 MP: 10/15
  3267 | D:3      | Found a faded altar of an unknown god.
  3576 | D:4      | Found a transporter.
  3767 | D:4      | Reached XP level 7. HP: 36/36 MP: 11/16
  4079 | D:4      | Reached skill level 5 in Hexes
  4394 | D:4      | Noticed Ijyb
  4473 | D:4      | Killed Ijyb
  4692 | D:4      | Found a transporter.
  4754 | D:4      | Reached skill level 5 in Translocations
  5198 | D:5      | Entered Level 5 of the Dungeon
  5208 | D:5      | Reached skill level 1 in Fighting
  5208 | D:5      | Reached XP level 8. HP: 43/43 MP: 5/17
  5509 | D:5      | Noticed Pikel
  5520 | D:5      | Killed Pikel
  6069 | D:5      | Reached skill level 5 in Dodging
  6265 | D:5      | Reached skill level 6 in Spellcasting
  6266 | D:5      | Noticed Menkaure
  6273 | D:5      | Reached XP level 9. HP: 42/52 MP: 9/20
  6274 | D:5      | Killed Menkaure
  7167 | D:5      | Learned a level 3 spell: Confusing Touch
  7194 | D:6      | Found a glowing golden altar of the Shining One.
  7194 | D:6      | Found a basalt altar of Yredelemnul.
  7307 | D:5      | Reached skill level 7 in Spellcasting
  7804 | D:6      | Found a burning altar of Makhleb.
  7805 | D:6      | Found a bloodstained altar of Trog.
  7806 | D:6      | Found a shimmering blue altar of Sif Muna.
  7807 | D:6      | Found an ornate altar of the Wu Jian Council.
  7809 | D:6      | Found a broken altar of Ashenzari.
  7818 | D:6      | Reached skill level 5 in Fighting
  7855 | D:6      | Reached skill level 1 in Evocations
  8029 | D:6      | Found a staircase to the Ecumenical Temple.
  8045 | Temple   | Entered the Ecumenical Temple
  8061 | Temple   | Became a worshipper of Vehumet
 10195 | D:8      | Reached XP level 10. HP: 58/59 MP: 3/22
 10420 | D:8      | Noticed Psyche
 10425 | D:8      | Killed Psyche
 10426 | D:8      | Reached skill level 5 in Evocations
 11176 | D:8      | Found a sparkling altar of Nemelex Xobeh.
 11176 | D:8      | Found a blossoming altar of Fedhas.
 11687 | D:9      | Found a staircase to the Lair.
 11709 | D:9      | Reached skill level 8 in Spellcasting
 11908 | D:9      | Reached * piety under Vehumet
 11908 | D:9      | Offered knowledge of Shock by Vehumet.
 11909 | D:9      | Reached skill level 5 in Stealth
 12324 | D:9      | Noticed a two-headed ogre
 12331 | D:9      | Killed a two-headed ogre
 12332 | D:9      | Reached skill level 9 in Spellcasting
 12614 | D:9      | Found a hazy altar of Hepliaklqana.
 12661 | D:9      | Found a glowing silver altar of Zin.
 12738 | D:9      | Found a hide-covered altar of Uskayaw.
 12890 | D:10     | Entered Level 10 of the Dungeon
 13676 | D:10     | Reached skill level 1 in Shields
 13681 | D:10     | Reached XP level 11. HP: 54/64 MP: 16/26
 13930 | D:10     | Noticed a two-headed ogre
 13937 | D:10     | Killed a two-headed ogre
 13985 | D:10     | Learned a level 2 spell: Blink
 13990 | D:10     | Learned a level 4 spell: Passage of Golubria
 14017 | D:10     | Learned a level 4 spell: Flame Wave
 14239 | D:10     | Reached skill level 1 in Fire Magic
 14285 | D:10     | Offered knowledge of Foxfire by Vehumet.
 14402 | D:10     | Reached ** piety under Vehumet
 14554 | Lair:1   | Entered Level 1 of the Lair of Beasts
 15043 | Lair:1   | Got the Papyrus of Dislocation
 15106 | Lair:1   | Reached skill level 5 in Fire Magic
 15546 | Lair:1   | Offered knowledge of Mephitic Cloud by Vehumet.
 15547 | Lair:1   | Reached skill level 10 in Spellcasting
 16030 | D:11     | Noticed a two-headed ogre
 16036 | D:11     | Killed a two-headed ogre
 16103 | D:11     | Noticed a seven-headed hydra
 16114 | D:11     | Killed a seven-headed hydra
 16115 | D:11     | Reached skill level 11 in Spellcasting
 16409 | D:11     | Reached *** piety under Vehumet
 16808 | D:11     | Found a staircase to the Orcish Mines.
 17208 | D:11     | Noticed a white ugly thing
 17218 | D:11     | Slain by a white ugly thing

Illustrated notes

Levels and vault maps discovered:
D:1:      onia_arrival_pentagram, layout_loops_ring, supply_closet_lemuel
D:2:      layout_loops_ring, uniq_sigmund, uniq_robin
D:3:      layout_loops_corners, hellmonk_ecumenical_altar_heavens_door
D:4:      gammafunk_wand_slinger, layout_basic, uniq_ijyb
D:5:      layout_loops_corners, grunt_ministairs_1,
          hangedman_abyss_or_decor_slice, uniq_pikel, uniq_menkaure
D:6:      layout_layer_cave, grunt_temple_overflow_open,
          minmay_temple_entry_crystal_x
D:7:      layout_basic, corexii_leaking_fountain
D:8:      layout_loops_corners, chequers_temple_overflow_statue_of_worship,
          chequers_serial_rivers_micro_a, minmay_misc_feat_cross, uniq_psyche
D:9:      layout_irregular_city, nicolae_hepliaklqana_hippocampus, zin_treasury,
          kennysheep_little_box, david_lair_shrubbed
D:10:     layout_basic
D:11:     layout_irregular_city, david_orc_5, nicolae_trove_entry_diagonal
Temple:   zaba_magenta_temple
Lair:1:   layout_hall_layers

Skill      XL: |  1  2  3  4  5  6  7  8  9 10 11 |
---------------+----------------------------------+-----
Spellcasting   | 4 5 6 7 9 11 | 11.3
Conjurations   | 5 7 |  7.1
Hexes          | 1 4 6 7 8 9 |  9.0
Translocations | 1 3 5 6 7 |  7.0
Fighting       | 1 4 5 |  5.9
Dodging        | 5 7 |  7.0
Evocations     | 4 5 |  5.0
Stealth        | 7 |  7.0
Shields        | 2 4 |  4.0
Fire Magic     | 7 |  7.0

Action                   |  1- 3 |  4- 6 |  7- 9 | 10-12 || total
-------------------------+-------+-------+-------+-------++-------
Melee: Short sword       |     5 |       |     4 |       ||     9
       Whip              |       |       |       |     7 ||     7
 Fire: Hunting sling     |       |    19 |    95 |    76 ||   190
 Cast: Magic Dart        |    54 |    19 |     3 |     1 ||    77
       Searing Ray       |    11 |    17 |    92 |    75 ||   195
       Iskenderun's Myst |       |       |    13 |    37 ||    50
       Fulminant Prism   |       |       |     2 |    29 ||    31
Evoke: Wand              |       |       |     2 |     1 ||     3
  Use: Scroll            |       |     6 |     2 |    18 ||    26
       Potion            |       |       |     2 |       ||     2
Armor: Robe              |     3 |       |       |       ||     3
       Animal skin       |       |     1 |    27 |       ||    28
       Steam dragon scal |       |       |       |    40 ||    40
Dodge: Dodged            |     8 |     8 |    68 |    89 ||   173
Block: Buckler           |       |       |       |    13 ||    13

Table legend: (Time is in decaauts)
 A = Elapsed time spent in this place.
 B = Non-inter-level travel time spent in this place.
 C = Inter-level travel time spent in this place.
 D = Time resting spent in this place.
 E = Time spent auto-exploring this place.
 F = Levels seen in this place.
 G = Mean time per level.
                   A        B        C        D        E       F      G
               +--------+--------+--------+--------+--------+-----+--------+
         Total |  17256 |  16718 |    538 |   7270 |   7205 |  13 | 1327.4 |
       Dungeon |  16209 |  15713 |    496 |   6979 |   6765 |  11 | 1473.5 |
        Temple |     29 |     16 |     13 |      0 |      7 |   1 |   29.0 |
          Lair |   1017 |    989 |     28 |    291 |    433 |   1 | 1017.0 |
               +--------+--------+--------+--------+--------+-----+--------+

Top non-repeatable levels by time:
     D:5: 2247 daAuts
     D:9: 1874 daAuts
    D:10: 1685 daAuts
     D:4: 1622 daAuts
     D:6: 1508 daAuts
     D:2: 1479 daAuts
     D:8: 1448 daAuts
    D:11: 1238 daAuts
     D:1: 1138 daAuts
  Lair:1: 1017 daAuts
     D:7: 999 daAuts
     D:3: 965 daAuts
  Temple: 29 daAuts
